AoeStats
← carl123

Oasis

508694424Analyzed
4v4 RM · 10d ago on Sep 23, 2026· 25m 53s· 8 players
Game mode
Random Map
Map size
Large (8 player)
Population
200
Speed
Normal
Resources
Standard
Victory
Conquest
Starting age
Dark Age
Ending age
Imperial Age
RankedLock teamsTeams togetherTeam positionsShared explorationLock speedFull tech treeHidden civsTurbo modeCheats
Victory
Defeat
🇩🇰 Spanish · Denmark
1325
+12
🇩🇰 Saxons · Denmark
1268
+14
🇩🇰 Huns · Denmark
1206
+17
🇩🇰 Magyars · Denmark
1205
+17
🇮🇹 Dravidians · Italy
1246
-16
🇪🇪 Ethiopians · Estonia
1241
-15
🇳🇱 Jurchens · Netherlands
1223
-15
🇨🇳 Malians · China
1209
-14
time0wner
2:25 Loom
9:51 Feudal Age
9:56 Man-at-Arms
11:17 Arson
15:03 Scale Mail Armor
16:05 Forging
18:12 Horse Collar
22:37 Fletching
Senex
9:21 Loom
11:42 Feudal Age
13:26 Fletching
22:10 Castle Age
20:18 Double-Bit Axe
20:15 Horse Collar
21:40 Padded Archer Armor
22:42 Crossbowman
我很牛逼
7:59 Loom
10:33 Feudal Age
15:26 Castle Age
14:40 Double-Bit Axe
Brandon
11:52 Feudal Age
10:08 Loom
15:51 Castle Age
14:19 Double-Bit Axe
14:27 Stone Mining
14:43 Horse Collar
17:34 Bow Saw
20:19 Wheelbarrow
19:30 Town Watch
superpwn
8:41 Loom
11:35 Feudal Age
12:19 Town Watch
15:50 Castle Age
15:36 Wheelbarrow
15:51 Town Watch
17:01 Double-Bit Axe
16:58 Horse Collar
17:10 Gold Mining
22:53 Padded Archer Armor
24:32 Leather Archer Armor
Raven
10:47 Feudal Age
9:06 Loom
11:09 Man-at-Arms
12:07 Double-Bit Axe
12:30 Scale Mail Armor
14:13 Forging
16:39 Fletching
19:01 Horse Collar
26:08 Castle Age
carl123
5:18 Loom
11:29 Feudal Age
15:41 Castle Age
13:38 Horse Collar
15:06 Double-Bit Axe
18:33 Scale Barding Armor
20:21 Heavy Plow
20:41 Bow Saw
25:52 Bloodlines
25:43 Husbandry
ANALOG-FAR
12:00 Feudal Age
12:49 Loom
16:49 Castle Age
17:25 Fletching
19:24 Town Watch
19:56 Bodkin Arrow
21:00 Double-Bit Axe
Connection lost

Rejoining the realm…

Still unreachable

The connection could not be restored.

Session expired

The server has moved on; the page needs a fresh start.